 Dungeon Crawl Stone Soup version 0.30-a0-743-gbfdf073431 (webtiles) character file.

Game seed: 2978571169274867469

845 BigDaddyOpFi the Trooper (level 8, -10/70 HPs)
             Began as a Hill Orc Fighter on Feb 6, 2023.
             Was an Initiate of Beogh.
             Mangled by an ogre
             ... wielding a +0 giant club
              (25 damage)
             ... on level 4 of the Dungeon.
             The game lasted 00:04:29 (3737 turns).

BigDaddyOpFi the Trooper (Hill Orc Fighter)         Turns: 3737, Time: 00:04:29

Health: -10/70     AC: 12    Str: 21    XL:     8   Next: 0%
Magic:  8/8        EV:  6    Int: 11    God:    Beogh [......]
Gold:   102        SH:  0    Dex: 10    Spells: 7/7 levels left

rFire   + . .      SeeInvis .    a - +0 war axe (elec)
rCold   . . .      Faith    .    h - orb {light}
rNeg    . . .      Spirit   .    d - +0 plate armour
rPois   .          Reflect  .    (no helmet)
rElec   .          Harm     .    m - +0 cloak "Imesug" {Rampage Will+ Int+3}
rCorr   .          Rampage  +    (no gloves)
Will    +....                    (no boots) Stlth
                                 (no amulet)
HPRegen 0.31/turn                j - ring of protection from fire
MPRegen 0.11/turn                (no ring)

@: corroded, glowing
A: iridescent scales 1, shaggy fur 1
a: Renounce Religion


You were on level 4 of the Dungeon.
You worshipped Beogh.
Beogh was noncommittal.
You visited 1 branch of the dungeon, and saw 4 of its levels.
You also visited: Sewer.

You collected 102 gold pieces.

Inventory:

Hand Weapons
 a - a +0 war axe of electrocution (weapon)
Armour
 c - a +0 buckler
 d - a +0 plate armour (worn)
 h - an orb of light (worn)
 m - the +0 cloak "Imesug" (worn) {Rampage Will+ Int+3}
   (You found it on level 4 of the Dungeon)

   Int:       It affects your intelligence (+3).
   Rampage:   It bestows one free step when moving towards enemies.
   Will:      It increases your willpower.
Jewellery
 j - a ring of protection from fire (left hand)
Wands
 g - a wand of iceblast (14) (quivered)
 k - a wand of flame (23)
 l - a wand of polymorph (11)
Scrolls
 f - 2 scrolls of amnesia
 i - a scroll of fog {unknown}
 p - a scroll of teleportation
 q - a scroll of butterflies
Potions
 e - a potion of resistance {unknown}
 n - a potion of curing {unknown}
 o - a potion of attraction {unknown}


   Skills:
 + Level 6.3 Fighting
 + Level 6.2 Axes
 + Level 5.7 Armour
 + Level 5.7 Shields


You had 7 spell levels left.
You didn't know any spells.
Your spell library was empty.

Dungeon Overview and Level Annotations

Branches:
Dungeon (4/15)              Sewer (visited)
 Temple: D:4-7

Altars:
Uskayaw
Zin


Innate Abilities, Weirdness & Mutations

You are partially covered in iridescent scales. (AC +2)
You are covered in fur. (AC +1)


Message History

The orc priest hits the ogre with a +0 war axe.
Something hits the orc. x2; The orc barely misses something.
The orc hits the ogre with a +0 hand axe.
The hound bites you.
You hit the hound.
The hound is almost dead.
The hound bites you but does no damage.
Something hits the orc.
The orc hits something with a +0 hand axe.
You hit the hound but do no damage.
The hound is almost dead.
The hound bites you.
The ogre closely misses the orc priest.
The hound bites you.
The orc hits something with a +0 hand axe.
Something closely misses the orc.
You hit the hound but do no damage.
The hound is almost dead.
The hound bites you but does no damage.
The orc hits something but does no damage.
Something hits the orc.
The hound bites you.
You closely miss the hound.
The hound is almost dead.
You barely miss the ogre. The hound closely misses you.
The orc hits something with a +0 hand axe.
The ogre hits you with a +0 giant club!
* * * LOW HITPOINT WARNING * * *
The hound bites you.
* * * LOW HITPOINT WARNING * * *
You hit the hound. Lightning courses through the hound!
You kill the hound!
Beogh accepts your kill.
You completely miss the ogre. The ogre barely misses you.
You have reached level 8!
You swap places.
It was a potion of mutation.
You feel extremely strange. Fur sprouts all over your body.
Iridescent scales grow over part of your body.
A dart slug comes into view.
The ogre attacks as you move away!
The ogre hits you with a +0 giant club!!
You die...

##.....##
##.......##
#.........# # #
##.......## ..#
###.....## ### .#.
#.......# #.. .. #
#.##..#.#
#.##.#o#.# #.
#.##.#### #.#..o..
.
#......@#####.#..#
####.##.O........#
#.######.#......#
..# #....(..###
#### ##.######
#... #... #...#
#.w.#


You could see an ogre.

Vanquished Creatures
  6 kobold brigands (Sewer)
  A scorpion (D:3)
  A hound (D:4)
  Ijyb (D:3)
  Natasha (thrice) (D:2)
  10 adders
  A river rat (Sewer)
  6 worms
  3 dart slugs (D:2)
  2 orcs
  10 ball pythons
  4 bats
  9 endoplasms
  3 giant cockroaches
  6 hobgoblins
  9 kobolds
  9 quokkas
  A frilled lizard (D:2)
  6 goblins
  13 rats
104 creatures vanquished.

Vanquished Creatures (others)
  A jelly (D:4)
  An orc (D:4)
2 creatures vanquished.

Grand Total: 106 creatures vanquished

Notes
Turn   | Place    | Note
-------+----------+-------------------------------------------
     0 | D:1      | BigDaddyOpFi the Hill Orc Fighter began the quest for the
                  | Orb.
     0 | D:1      | Reached XP level 1. HP: 19/19 MP: 1/1
   124 | D:1      | Reached XP level 2. HP: 27/27 MP: 2/2
   706 | D:2      | Reached XP level 3. HP: 10/33 MP: 3/3
   803 | D:2      | Found a hide-covered altar of Uskayaw.
   896 | D:2      | Noticed Natasha
   902 | D:2      | Killed Natasha
   903 | D:2      | Reached XP level 4. HP: 30/40 MP: 4/4
   906 | D:2      | Noticed Natasha
   912 | D:2      | Killed Natasha
  1192 | D:2      | Reached XP level 5. HP: 42/47 MP: 5/5
  1331 | D:2      | Noticed Natasha
  1337 | D:2      | Killed Natasha
  1871 | D:3      | Noticed Ijyb
  1877 | D:3      | Killed Ijyb
  1959 | D:3      | Found a glowing drain.
  1968 | Sewer    | Entered a sewer
  1987 | Sewer    | Noticed a kobold brigand
  1991 | Sewer    | Reached XP level 6. HP: 47/55 MP: 6/6
  1997 | Sewer    | Reached skill level 5 in Fighting
  2112 | Sewer    | Reached skill level 5 in Axes
  2203 | Sewer    | Reached skill level 5 in Armour
  2203 | Sewer    | Reached skill level 5 in Shields
  2203 | Sewer    | Reached XP level 7. HP: 29/61 MP: 7/7
  3505 | D:3      | Found a glowing silver altar of Zin.
  3528 | D:3      | Found a faded altar of an unknown god.
  3689 | D:4      | Identified the +0 cloak "Imesug" {Rampage Will+ Int+3}
  3721 | D:4      | Became a worshipper of Beogh the Brigand
  3729 | D:4      | Reached XP level 8. HP: 12/70 MP: 8/8
  3733 | D:4      | Gained mutation: You are covered in fur. (AC +1) [potion of
                  | mutation]
  3733 | D:4      | Gained mutation: You are partially covered in iridescent
                  | scales. (AC +2) [potion of mutation]
  3737 | D:4      | Mangled by an ogre

Illustrated notes

Levels and vault maps discovered:
D:1:      grunt_arrival_crossed_arrows, layout_basic, dk_noncrumbling_3
D:2:      minmay_diamond_boxcup, layout_basic, basic_altar, kennysheep_donut,
          uniq_natasha
D:3:      layout_basic, mainiacjoe_overflow_alcove_4, gup_sewer_entry_bubbles,
          shapermc_ecumenical_altar_petra, uniq_ijyb
D:4:      layout_loops_cross, nicolae_ossuary_entry_ruins

Skill      XL: |  1  2  3  4  5  6  7 |
---------------+----------------------+-----
Axes           | 3 4 5 6 |  6.2
Fighting       | 4 5 6 |  6.3
Armour         | 4 5 |  5.7
Shields        | 4 5 |  5.7

Action                     |  1- 3 |  4- 6 |  7- 9 || total
---------------------------+-------+-------+-------++-------
  Melee: War axe           |    60 |   148 |   106 ||   314
 Invoke: Convert to Beogh  |       |       |     1 ||     1
    Use: Potion            |     2 |     2 |     1 ||     5
         Scroll            |       |     2 |     5 ||     7
 Armour: Scale mail        |    33 |       |       ||    33
         Plate armour      |     1 |    88 |    76 ||   165
  Dodge: Dodged            |    24 |    39 |    25 ||    88
  Block: Buckler           |     7 |       |       ||     7

Table legend: (Time is in decaauts)
 A = Elapsed time spent in this place.
 B = Non-inter-level travel time spent in this place.
 C = Inter-level travel time spent in this place.
 D = Time resting spent in this place.
 E = Time spent auto-exploring this place.
 F = Levels seen in this place.
 G = Mean time per level.
                   A        B        C        D        E       F      G
               +--------+--------+--------+--------+--------+-----+--------+
         Total |   3997 |   3949 |     48 |    332 |   2685 |   5 |  799.4 |
       Dungeon |   2618 |   2570 |     48 |      0 |   1912 |   4 |  654.5 |
         Sewer |   1379 |   1379 |      0 |    332 |    773 |   1 | 1379.0 |
               +--------+--------+--------+--------+--------+-----+--------+

Top non-repeatable levels by time:
   Sewer: 1379 daAuts
     D:2: 1168 daAuts
     D:3: 727 daAuts
     D:1: 658 daAuts
     D:4: 64 daAuts
